 Dungeon Crawl Stone Soup version 0.32-a0-520-g344ed53f66 (webtiles) character file.

Game seed: 2232652955723781508

102 zenocrate the Ruffian (level 4, -2/23 HPs)
             Began as a Vine Stalker Fighter on Feb 28, 2024.
             Slain by Pikel
             ... wielding a +0 whip of flaming
              (3 damage)
             ... on level 4 of the Dungeon.
             The game lasted 00:02:39 (2510 turns).

zenocrate the Ruffian (Vine Stalker Fighter)        Turns: 2510, Time: 00:02:40

Health: -2/23      AC: 12    Str: 20    XL:     4   Next: 78%
Magic:  0/8        EV: 17    Int:  8    God:
Gold:   181        SH:  0    Dex: 14    Spells: 8/8 levels left

rFire   . .          .
                       - Unarmed
rCold   . . .        b - melded +0 buckler
rNeg    + + +        a - melded +0 scale mail
rPois   +            (helmet currently unavailable)
rElec   .            (cloak currently unavailable)
rCorr   .            (gloves currently unavailable)
SInv    .            m - melded +0 pair of boots
Will    .....        (no amulet)
Stlth   +            g - ring of wizardry
HPRegen 1.03/turn    (no ring)
MPRegen 0.11/turn

%: guardian spirit, wizardry (x1)
@: fungus-form
A: melee confuse, terrified, no casting, tiny, (fangs 2), regeneration 1, magic
shield, (antimagic bite), no potion heal 2
a: no special abilities


You were on level 4 of the Dungeon.
You were a sentient fungus.
You visited 1 branch of the dungeon, and saw 4 of its levels.

You collected 181 gold pieces.

Inventory:

Armour
 a - a +0 scale mail (melded)
 b - a +0 buckler (melded)
 m - a +0 pair of boots (melded)
Jewellery
 d - a ring of fire
 g - a ring of wizardry (left hypha)
Wands
 p - a wand of paralysis (8)
Scrolls
 f - 2 scrolls of noise {unknown}
 h - 2 scrolls of identify {unknown}
 i - a scroll of teleportation {unknown}
 n - a scroll of immolation {unknown}
 o - a scroll of torment {unknown}
 q - a scroll of vulnerability {unknown}
Potions
 c - a potion of might
 e - 2 potions of resistance {unknown}
 j - a potion of attraction {unknown}
 k - 3 potions of lignification {unknown}
 l - 2 potions of curing {unknown}


   Skills:
 - Level 2.6 Fighting
 - Level 2.4 Armour
 - Level 2.6 Shields
 + Level 3.9 Unarmed Combat
 + Level 2.5 Spellcasting


You had 8 spell levels left.
You didn't know any spells.
Your spell library was empty.

Dungeon Overview and Level Annotations

Branches:
Dungeon (4/15)
 Temple: D:4-7

Altars:
Gozag

Annotations:
D:4 Pikel


Innate Abilities, Weirdness & Mutations

You are a sentient fungus.
You are tiny and evasive.
Your melee attack releases spores that confuse breathing creatures.
You become terrified and freeze when enemies are visible.
Your armour is entirely melded.
You are incapable of wielding weapons or throwing items.
You cannot cast spells.
((You have extremely sharp teeth.))
Your natural rate of healing is unusually fast.
When hurt, damage is shared between your health and your magic reserves.
((Your bite disrupts and absorbs the magic of your enemies.))
Potions cannot restore your health.


Message History

You hit Pikel. You bite Pikel, but do no damage.
Pikel is moderately wounded.
The lemure hits you.
Pikel zaps a wand.
You turn into a sentient fungus.
Your +0 pair of boots melds into your body.
Your +0 buckler melds into your body.
Your +0 scale mail melds into your body.
You barely miss Pikel.
Pikel is moderately wounded.
The lemure hits you but does no damage.
Pikel hits you with a +0 whip of flaming!
Pikel burns you.
Unknown command.
You're too terrified to move while being watched!
Unknown command.
Unknown command.
You're too terrified to move while being watched!
Unknown command.
You release spores at Pikel.
Pikel is heavily wounded.
The lemure hits you but does no damage. Pikel barely misses you.
Unknown command.
You closely miss Pikel.
Pikel is heavily wounded.
The lemure closely misses you. Pikel completely misses you.
Unknown command.
You miss Pikel.
Pikel is heavily wounded.
The lemure hits you. Pikel closely misses you.
Unknown command.
You release spores at Pikel!
Pikel is severely wounded.
The lemure hits you.
Unknown command.
You barely miss Pikel.
Pikel is severely wounded.
Pikel hits you with a +0 whip of flaming!
* * * LOW HITPOINT WARNING * * *
Pikel burns you.
You die...
Pikel says, "Another soul for the market."

#.. #####.# ###.
...#.####....
##.#.#......
######........##### #
.......<....#.....#..
######.........[.....
####K%##.#(.........
#. ......# ..
#.....B.... #.##.#
..# #.......... . ...
... ....?....... .##
##.######.....#.. .
####### #


You could see Pikel and a lemure.

Vanquished Creatures
  3 lemures (D:3)
  Jessica (D:2)
  3 dart slugs
  An orc (D:3)
  4 ball pythons
  5 endoplasms
  6 giant cockroaches
  9 goblins
  5 hobgoblins
  2 jackals (D:1)
  8 kobolds
  A quokka (D:1)
  6 bats
  3 frilled lizards
  8 rats
65 creatures vanquished.

Notes
Turn   | Place    | Note
-------+----------+-------------------------------------------
     0 | D:1      | zenocrate the Vine Stalker Fighter began the quest for the
                  | Orb.
     0 | D:1      | Reached XP level 1. HP: 11/11 MP: 2/2
    48 | D:1      | Found a faded altar of an unknown god.
   121 | D:1      | Reached XP level 2. HP: 16/16 MP: 3/3
   362 | D:1      | Reached skill level 3 in Unarmed Combat
   412 | D:1      | Reached skill level 1 in Spellcasting
   431 | D:1      | Reached XP level 3. HP: 19/19 MP: 5/5
   882 | D:2      | Found an opulent altar of Gozag.
  1101 | D:2      | You fall into a shaft and drop 1 floor!
  1361 | D:2      | Noticed Jessica
  1378 | D:2      | Killed Jessica
  1379 | D:2      | Reached XP level 4. HP: 20/23 MP: 4/8
  2345 | D:4      | Noticed a lemure
  2346 | D:4      | Noticed a lemure
  2349 | D:4      | Noticed a lemure
  2350 | D:4      | Noticed Pikel
  2376 | D:3      | Killed a lemure
  2416 | D:3      | Killed a lemure
  2480 | D:3      | Killed a lemure
  2496 | D:4      | Noticed a lemure
  2510 | D:4      | HP: 1/23 [Pikel/+0 whip of flaming (8)]
  2510 | D:4      | Slain by Pikel

Illustrated notes

Levels and vault maps discovered:
D:1:      lightli_arrival_boilingwater, layout_loops_cross,
          ebering_ecumenical_altar_mist, corner_web_ring, kennysheep_boxes
D:2:      layout_loops_ring, basic_altar, minmay_gold_behind_fungi, uniq_jessica
D:3:      layout_basic, grunt_decor_junction, minmay_door_square,
          minmay_liquid_box
D:4:      layout_rooms, uniq_pikel

Skill      XL: |  1  2  3 |
---------------+----------+-----
Unarmed Combat | 3 |  3.9
Spellcasting   | 1 2 |  2.5
Fighting       | |  2.6
Armour         | |  2.4
Shields        | |  2.6

Action                     |  1- 3 |  4- 6 || total
---------------------------+-------+-------++-------
  Melee: Unarmed           |   134 |   102 ||   236
         Bite              |    43 |    25 ||    68
 Armour: Scale mail        |    77 |    57 ||   134
         Skin              |       |     6 ||     6
  Dodge: Dodged            |    39 |    34 ||    73
         Repelled          |     1 |       ||     1
  Block: Buckler           |    35 |    20 ||    55

Table legend: (Time is in decaauts)
 A = Elapsed time spent in this place.
 B = Non-inter-level travel time spent in this place.
 C = Inter-level travel time spent in this place.
 D = Time resting spent in this place.
 E = Time spent auto-exploring this place.
 F = Levels seen in this place.
 G = Mean time per level.
                   A        B        C        D        E       F      G
               +--------+--------+--------+--------+--------+-----+--------+
         Total |   2533 |   2429 |    104 |      0 |   1858 |   4 |  633.2 |
       Dungeon |   2533 |   2429 |    104 |      0 |   1858 |   4 |  633.2 |
               +--------+--------+--------+--------+--------+-----+--------+

Top non-repeatable levels by time:
     D:3: 900 daAuts
     D:2: 833 daAuts
     D:1: 760 daAuts
     D:4: 39 daAuts
